AoeStats
← Bandolero

Arabia

509964349Analyzed
1v1 RM · 2d ago on Sep 28, 2026· 46m 47s· 2 players
Game mode
Random Map
Map size
Tiny (2 player)
Population
200
Speed
Normal
Resources
Standard
Victory
Conquest
Starting age
Dark Age
Ending age
Imperial Age
RankedLock teamsTeams togetherTeam positionsShared explorationLock speedFull tech treeHidden civsTurbo modeCheats
Victory
Defeat
🇦🇷 Maya · Argentina
1355
+18
🇨🇱 Berbers · Chile
1396
-18
Bandolero
0:27 Loom
9:03 Feudal Age
10:08 Double-Bit Axe
22:05 Castle Age
20:50 Gold Mining
21:09 Fletching
22:08 Fishing Lines
22:45 Bodkin Arrow
22:50 Padded Archer Armor
22:11 Crossbowman
23:08 Bow Saw
23:24 Gillnets
24:29 Ballistics
25:03 Wheelbarrow
25:28 Leather Archer Armor
25:12 Town Watch
26:10 Horse Collar
29:47 Thumb Ring
30:05 Heavy Plow
34:16 Imperial Age
34:20 Arbalester
35:08 Bracer
36:11 Chemistry
35:59 Ring Archer Armor
35:55 Hand Cart
37:08 Conscription
36:39 Capped Ram
38:24 Two-Man Saw
40:46 Town Patrol
41:51 Scale Mail Armor
42:02 Forging
42:26 Holcans
41:35 Eagle Warrior
42:15 Squires
43:23 Chain Mail Armor
43:04 Elite Eagle Warrior
44:48 Iron Casting
45:34 Crop Rotation
47:14 Plate Mail Armor
47:45 Blast Furnace
CFGX | FCNancho
5:55 Loom
8:47 Feudal Age
9:17 Double-Bit Axe
14:59 Padded Archer Armor
20:25 Castle Age
18:28 Horse Collar
19:19 Scale Barding Armor
20:02 Bloodlines
23:09 Chain Barding Armor
23:26 Town Watch
24:07 Gold Mining
24:54 Husbandry
27:09 Wheelbarrow
27:20 Forging
26:47 Light Cavalry
28:32 Bow Saw
32:50 Stone Mining
37:41 Imperial Age
35:25 Fletching
36:47 Leather Archer Armor
35:54 Elite Skirmisher
36:51 Thumb Ring
36:50 Bodkin Arrow
37:23 Heavy Plow
37:58 Gold Shaft Mining
38:25 Ballistics
38:59 Ring Archer Armor
39:30 Chemistry
39:12 Bracer
40:53 Plate Barding Armor
40:40 Hussar
Connection lost

Rejoining the realm…

Still unreachable

The connection could not be restored.

Session expired

The server has moved on; the page needs a fresh start.